Unix NetHack Version 3.7.0-80 Work-in-progress - last build Mar 27 2023 11:19:28 (84ec4a96b1085377d1623a66bb533b5851a641e4,branch:master). Game began 2023-04-02 08:33:05, ended 2023-04-02 15:47:14. tromix, chaotic male human Ranger -------- ---.|....| |.....0..|---------- |.-.0.-00|.|.......| |...-....0.|.......| |.-....|...|.......| |....-.--.-|...<...| |..........|.......| |.--...|...|.......| |....-.|---|.......| ---(.Xo-----------)| |..o@[.)..(..[F%)| ------------------ Tromix the Reconnoiterer St:18/10 Dx:17 Co:17 In:13 Wi:14 Ch:8 Chaotic Dlvl:6 $:116 HP:0(69) Pw:39(39) AC:-8 Exp:10 T:18239 Latest messages: The hill orc misses! The hill orc strikes at your displaced image and misses you! The hill orc strikes at your displaced image and misses you! You hit the hill orc! The hill orc swings her curved sword. The hill orc hits! The hill orc just misses! The xorn hits! The xorn hits again! The xorn misses! The xorn bites! You kill the hill orc! The xorn misses! The xorn hits! The xorn hits again! The xorn bites! You hit the xorn! The hill orc misses! The xorn hits! The xorn hits again! The xorn hits again! The xorn misses! You can't go up here. You hit the xorn! The hill orc throws a crude dagger! A crude dagger misses you. The hill orc hits! You hit the xorn! The hill orc misses! The xorn hits! The xorn hits again! The xorn misses! The xorn bites! You hit the xorn! The hill orc picks up a curved sword. The hill orc just misses! The xorn misses! The xorn misses! The xorn misses! The xorn misses! You hit the xorn! The hill orc wields a curved sword! The hill orc misses! The xorn hits! The xorn misses! The xorn hits! The xorn bites! You die... Do you want your possessions identified? [ynq] (y) y Do you want to see your attributes? [ynq] (y) q Inventory: Coins $ - 116 gold pieces Weapons J - 59 blessed +2 arrows n - a +1 bow (alternate weapon; not wielded) P - a blessed +0 dagger (weapon in hand) j - 3 +0 daggers R - 14 +0 daggers (at the ready) M - a +0 silver dagger Armor G - an uncursed +2 orcish helm (being worn) k - an uncursed thoroughly burnt +0 pair of leather gloves (being worn) p - an uncursed +0 pair of iron shoes (being worn) N - an uncursed thoroughly burnt +2 cloak of displacement (being worn) x - a blessed greased +2 gray dragon scale mail (being worn) Comestibles l - an uncursed C-ration w - 2 uncursed cram rations c - an uncursed food ration i - an uncursed lizard corpse Rings d - a cursed ring of teleportation Wands V - a wand of opening (0:3) o - a wand of sleep (0:5) Tools f - an uncursed sack containing 3 items a - an uncursed blindfold e - an uncursed lock pick r - an uncursed skeleton key Gems/Stones X - a blessed luckstone Contents of the sack: a blessed +1 mummy wrapping a cursed scroll of identify a blessed potion of gain level Tromix the Ranger's attributes: Background: You were a Reconnoiterer, a level 10 male human Ranger. You were chaotic, on a mission for Mars who was opposed by Mercury (lawful) and Venus (neutral). You were in Sokoban, on level 6. You entered the dungeon 18239 turns ago. You had 7240 experience points, 2760 more were needed to attain level 11. Basics: You had 0 out of 69 hit points. You had all 39 energy points (spell power). Your armor class was -8. Your wallet contained 116 zorkmids. Autopickup was off. Final Characteristics: Your strength was 18/10 (limit:18/100). Your dexterity was 17 (limit:18). Your constitution was 17 (limit:18). Your intelligence was 13 (limit:18). Your wisdom was 14 (peak:15, limit:18). Your charisma was 8 (limit:18). Final Status: You were not hungry. You were unencumbered. You were wielding a dagger. You had expert skill with dagger. Final Attributes: You were piously aligned. You were magic-protected. You were cold resistant. You were sleep resistant. You were poison resistant. You were telepathic. You had automatic searching. You were displaced. You were stealthy. You were warded. You were lucky. You had extra luck. Good luck did not time out for you. You are dead. Miscellaneous: You disabled loading of bones levels. Total elapsed playing time was 3 hours, 14 minutes and 22 seconds. Major events: Turn 1: tromix the chaotic male human Ranger entered the dungeon 825: entered the Gnomish Mines 828: attained the rank of Lookout (level 3) 3849: attained the rank of Trailblazer (level 6) 4201: reached Mine Town 4660: was bestowed with Stormbringer by Mars 11751: made his first wish - "blessed greased +2 grey dragon scale mail", got "a greased gray dragon scale mail" 13508: acquired the Mines' End luckstone 15861: attained the rank of Reconnoiterer (level 10) 16002: entered Sokoban 16601: completed 1st Sokoban level 17520: completed 2nd Sokoban level 18092: completed 3rd Sokoban level 18239: killed by a xorn Vanquished creatures: a vampire 4 wargs a glass piercer a xan 2 pyrolisks a large dog 2 freezing spheres a gargoyle a dwarf ruler a tengu an ochre jelly a leocrotta a red naga a wraith 2 ettin zombies 2 soldiers 3 watchmen a giant beetle 4 cockatrices 3 wolves a winter wolf cub a lynx 3 leprechauns 2 orc-captains 3 giant spiders a horse a black light 4 gnome rulers 3 dwarf mummies 6 brown puddings an owlbear a gold golem a werewolf 2 Green-elves 2 lizards 4 chickatrices a dingo a dog a housecat 2 blue jellies a dust vortex 2 ravens a snake 13 apes a human zombie 2 soldier ants 7 bugbears a wood nymph 4 water nymphs a mountain nymph 2 orc shamans 4 rock piercers a rock mole 3 ponies 3 yellow lights 3 shriekers a violet fungus 12 gnome leaders 4 gnomish wizards 3 kobold mummies 3 gray oozes a barrow wight 3 elf zombies 3 ghouls a straw golem a baby crocodile 4 giant ants a little dog 5 floating eyes a kitten 19 dwarves 2 kobold leaders 20 hill orcs 2 rothes a centipede 5 giant bats 2 monkeys an orc zombie 3 werejackals 4 iguanas 4 killer bees 4 acid blobs 6 coyotes 2 gas spores 3 hobbits 3 large kobolds 10 hobgoblins 16 giant rats 8 cave spiders 3 brown molds 2 yellow molds 2 red molds 67 gnomes 13 garter snakes 4 gnome zombies 7 geckos 10 jackals a fox 3 kobolds 6 goblins 2 sewer rats 5 grid bugs 5 bats 9 lichens 4 kobold zombies 10 newts 435 creatures vanquished. No species were genocided or became extinct. Voluntary challenges: You read items or engraved 19 times. You never engraved Elbereth. You never genocided any monsters. You never polymorphed an object. You used 1 wish. You did not wish for any artifacts. You did not violate any of the special Sokoban rules. Achievements: You entered the Gnomish Mines. You attained the rank of Lookout. You entered a shop. You attained the rank of Trailblazer. You entered Minetown. You entered a temple. You completed the Gnomish Mines. You attained the rank of Reconnoiterer. You entered Sokoban. The Dungeons of Doom: levels 1 to 10 Level 1: An altar to Mars, a sink. Level 2: Stairs down to The Gnomish Mines. Level 3: A general store. Level 4: Level 5: Level 6: A fountain. Level 7: Level 8: Many fountains. Oracle of Delphi. Level 9: A fountain. Stairs up to Sokoban, level 8. Level 10: The Gnomish Mines: levels 3 to 10 Level 3: Level 4: Level 5: Many shops, a temple to Mars, many fountains. Level 6: Level 7: Level 8: Level 9: Level 10: Sokoban: levels 8 up to 6 Level 6: <- You were here. Solved. Final resting place for you, killed by a xorn. Level 7: Solved. Level 8: Solved. Game over: ---------- / \ / REST \ / IN \ / PEACE \ / \ | tromix | | 116 Au | | killed by a xorn | | | | | | | | 2023 | *| * * * | * _________)/\\_//(\/(/\)/\//\/|_)_______ Goodbye tromix the Ranger... You died in Sokoban on dungeon level 6 with 29545 points, and 116 pieces of gold, after 18239 moves. You were level 10 with a maximum of 69 hit points when you died.